[Event "Rapid della Domenica"]
[Site "Chess.com"]
[Date "2020.06.14"]
[Round "1"]
[White "riccardocanossa"]
[Black "mr6701"]
[Result "0-1"]
[WhiteElo "1452"]
[BlackElo "1860"]
[TimeControl "720+3"]
[EndTime "6:14:47 PDT"]
[Termination "mr6701 ha vinto per abbandono"]

1. d4 d5 2. c4 e6 3. Nc3 Nf6 4. Nf3 Be7 5. Bg5 h6 6. Bh4 O-O 7. e3 b6 8. Be2 Bb7 9. O-O Nbd7 10.
Rc1 c5 11. cxd5 Nxd5 12. Bxe7 Qxe7 13. Nxd5 Bxd5 14. dxc5 Nxc5 15. a3 Rad8 16. Qc2 Rc8 17. Rcd1 Bb3 18. Qc1 Bxd1 19. Rxd1 Na4 20. Qb1 Qf6 21.
Nd4 Rfd8 22. Ba6 Rc5 23. Bb5 e5 24. Bxa4 exd4 25. exd4 Rxd4 26. Rxd4 Qxd4 27. b4 Re5 28. h3 Re2 29. Qf5 g6 30. Qf3 Qe4 31. Qg3 Re1+ 32.
Kh2 Qe5 33. Qxe5 Rxe5 34. Kg3 Rd5 35. Kf4 Rd3 0-1

[Event "Rapid della Domenica"]
[Site "Chess.com"]
[Date "2020.06.14"]
[Round "1"]
[White "SanSecondoPR"]
[Black "sergiodone"]
[Result "0-1"]
[WhiteElo "1340"]
[BlackElo "1505"]
[TimeControl "720+3"]
[EndTime "6:18:55 PDT"]
[Termination "sergiodone ha vinto per abbandono"]

1. e4 g5 2. Nc3 c5 3. Bc4 e6 4. b3 Bg7 5. Bb2 Nc6 6. Rb1 a6 7. Nge2 b5 8. Bd3 h6 9. O-O Bb7 10. a4 b4 11. Na2 Bxb2 12. Rxb2 Qf6 13. c3 Nge7 14. Rc2 h5 15. f4 g4 16. e5 Qg7 17.
Be4 Rb8 18. d4 bxc3 19. Naxc3 cxd4 20. Nxd4 Nb4 21. Re2 Ned5 22. Nxd5 Nxd5 23. Bxd5 Bxd5 24. f5 Qg5 25. fxe6 dxe6 26. Qd2 Rg8 27. Qxg5 Rxg5 28. Re3 h4 29. Rf6 Ke7 30. Rh6 Rb4 31. Rd3 h3 32.
g3 Rxe5 33. Kf2 Re4 34. Nc2 Rxb3 35. Rxb3 Bxb3 36. Ne3 f5 37. Rh7+ Kf8 38. Rb7 Bxa4 39. Rb6 Bb5 40. Rb8+ Ke7 41. Rb7+ Kd6 42. Rb6+ Kc7 43.
Nd5+ exd5 44. Rf6 Re2+ 45. Kg1 Rg2+ 46. Kh1 Bd3 0-1

[Event "Rapid della Domenica"]
[Site "Chess.com"]
[Date "2020.06.14"]
[Round "1"]
[White "pedrak"]
[Black "sirmale49"]
[Result "1-0"]
[WhiteElo "1714"]
[BlackElo "1388"]
[TimeControl "720+3"]
[EndTime "6:19:07 PDT"]
[Termination "pedrak ha vinto per abbandono"]

1. d4 d5 2. Nf3 Nf6 3. e3 Bg4 4. c4 e6 5. cxd5 Nxd5 6. Qb3 Bb4+ 7. Bd2 Bxd2+ 8. Nbxd2 Bxf3 9. Nxf3 Nb6 10. Bd3 O-O 11. O-O Nc6 12. Rac1 Qd5 13. Qxd5 Nxd5 14. a3 Rfe8 15. Bb5 a6 16. Bxc6 bxc6 17. Rxc6 Ra7 18.
Rfc1 Rc8 19. Ne5 Kf8 20. Nd7+ Ke7 21. Nc5 Kd8 22. Nxa6 Ne7 23. Nb4 Rb7 24. R6c2 Nd5 25. Nxd5 exd5 26. Kf1 Rb5 27. b4 Kd7 28. Rc5 Rxc5 29.
dxc5 Kc6 30. Ke2 Ra8 31. Rc3 f5 32. Kd3 Re8 33. f3 h5 34. a4 g5 35. b5+ Kb7 36. Kd4 c6 37. bxc6+ Kxc6 38. Rb3 g4 39. Rb6+ Kc7 40. a5 gxf3 41. gxf3 Rg8 42. Rh6 Rg2 43. Rxh5 Rd2+ 44. Ke5 Kc6 45. Kxf5 Kxc5 46. a6 Kb6 47.
Rh6+ Ka7 48. Ke5 Re2 49. Kxd5 Rxe3 50. f4 Rf3 51. Ke4 Rf1 52. f5 Re1+ 53. Kf4 Rf1+ 54. Ke5 Re1+ 55. Kd4 Rd1+ 56. Ke3 Rf1 57. Ke4 Re1+ 58.
Kd5 Rf1 59. Ke6 Kxa6 60. f6 Re1+ 61. Kf7 Kb6 62. Kg7 Rg1+ 63. Rg6 Rc1 64. f7+ Kb5 65.
f8=Q 1-0

[Event "Rapid della Domenica"]
[Site "Chess.com"]
[Date "2020.06.14"]
[Round "1"]
[White "Mrtre7"]
[Black "fausto2p"]
[Result "1-0"]
[WhiteElo "1483"]
[BlackElo "1249"]
[TimeControl "720+3"]
[EndTime "6:23:54 PDT"]
[Termination "Mrtre7 ha vinto per tempo"]

1. d4 d5 2. c4 c6 3. Nc3 Nf6 4. Nf3 dxc4 5. a4 Bf5 6. e3 e6 7. Bxc4 Bb4 8. O-O O-O 9. Qb3 a5 10. Ne2 Nbd7 11. Ng3 Bg4 12. e4 Bxf3 13. Qxf3 Nb6 14.
Bb3 c5 15. dxc5 Bxc5 16. Bg5 Be7 17. Rfd1 Qc7 18. Rac1 Qe5 19. Be3 Nc8 20. Bd4 Qg5 21. Rc7 b6 22. e5 Nd5 23. Bxd5 exd5 24. Qxd5 Rd8 25. Qxa8 Bc5 26. Rxc8 Rxc8 27. Qxc8+ Bf8 28. Bxb6 Qxe5 29. Bc5 1-0

[Event "Rapid della Domenica"]
[Site "Chess.com"]
[Date "2020.06.14"]
[Round "2"]
[White "mr6701"]
[Black "sergiodone"]
[Result "1-0"]
[WhiteElo "1864"]
[BlackElo "1503"]
[TimeControl "720+3"]
[EndTime "6:31:19 PDT"]
[Termination "mr6701 ha vinto per abbandono"]

1. e4 g5 2. d4 e6 3. Nc3 c5 4.
d5 e5 5. Nf3 f6 6. d6 Qb6 7. Nb5 Na6 8. Nxe5 fxe5 9. Qh5+ Kd8 10. Bxg5+ Be7 11. Qf7 Qxd6 12. Nxd6 Kc7 13. Bxe7 Nxe7 14.
Qxe7 b6 15. Qxe5 1-0

[Event "Rapid della Domenica"]
[Site "Chess.com"]
[Date "2020.06.14"]
[Round "2"]
[White "sirmale49"]
[Black "SanSecondoPR"]
[Result "1-0"]
[WhiteElo "1395"]
[BlackElo "1333"]
[TimeControl "720+3"]
[EndTime "6:33:11 PDT"]
[Termination "sirmale49 ha vinto per abbandono"]

1. e4 e5 2. f4 d5 3. Nc3 d4 4.
Nce2 d3 5. cxd3 Qxd3 6. Nc3 Qd6 7. Nf3 exf4 8. Bc4 Bg4 9. O-O Qc5+ 10. d4 Qxc4 11.
Qa4+ Qxa4 12. Nxa4 Bxf3 13. Rxf3 Nf6 14. Bxf4 Na6 15. a3 Bd6 16. e5 Nh5 17. exd6 Nxf4 18.
Rxf4 cxd6 19. Re1+ Kd7 20. Rxf7+ Kc6 21. Rxg7 Kd5 22.
Rxb7 Kxd4 23. Rd1+ Ke3 24. Re7+ Kf4 25. Rf1+ Kg5 26. Rg7+ Kh6 27. Rd7 Nc5 28. Rxd6+ 1-0

[Event "Rapid della Domenica"]
[Site "Chess.com"]
[Date "2020.06.14"]
[Round "2"]
[White "ottovolante"]
[Black "pedrak"]
[Result "0-1"]
[WhiteElo "999"]
[BlackElo "1714"]
[TimeControl "720+3"]
[EndTime "6:36:20 PDT"]
[Termination "pedrak ha vinto per abbandono"]

1. e4 e6 2. Nf3 d5 3. e5 c5 4. d4 cxd4 5. Bb5+ Bd7 6. Bxd7+ Qxd7 7. Nxd4 Nc6 8. Nxc6 bxc6 9. O-O Ne7 10. Bg5 Ng6 11. Re1 Bc5 12. a3 O-O 13. b4 Bb6 14. Nc3 Bc7 15. Na4 Bxe5 16. Nc5 Qc7 17. Rb1 Bxh2+ 18.
Kf1 Bd6 19. g3 h6 20. Be3 e5 21. Na6 Qd7 22. Kg2 d4 23. Bd2 f5 24. Nc5 Qe7 25.
Bf4 Bxc5 26. bxc5 Qxc5 27. Be3 dxe3 28. fxe3 Rad8 29. Qe2 Qd5+ 30. Kg1 Qe4 31. Rb4 Qd5 32. c4 Qd3 33. Kf2 Qxa3 34. Rb7 Rf7 35. Rxf7 Kxf7 36. g4 Qd3 37. gxf5 Qxf5+ 38. Qf3 Qxf3+ 39. Kxf3 Rd7 40. Ra1 Nh4+ 41. Kg4 g5 42. Rf1+ Kg7 43.
c5 Rf7 44. Rd1 Ng2 45. Rd6 Nxe3+ 46. Kg3 Nf5+ 0-1

[Event "Rapid della Domenica"]
[Site "Chess.com"]
[Date "2020.06.14"]
[Round "2"]
[White "riccardocanossa"]
[Black "Mrtre7"]
[Result "1-0"]
[WhiteElo "1487"]
[BlackElo "1474"]
[TimeControl "720+3"]
[EndTime "6:44:26 PDT"]
[Termination "riccardocanossa ha vinto per scaccomatto"]

1. e4 c5 2. Nf3 g6 3. d4 cxd4 4. Nxd4 Bg7 5. Nc3 Nc6 6. Nf3 Nf6 7. Bd3 O-O 8. O-O d5 9. exd5 Nxd5 10. Nxd5 Qxd5 11.
c3 Bg4 12. Be2 Qxd1 13. Rxd1 Rad8 14. Be3 Ne5 15. Rxd8 Rxd8 16. Nxe5 Bxe2 17. Nf3 b6 18.
h3 Rd5 19. Nd4 Bd3 20. Rd1 Ba6 21. Rd2 Bb7 22. f3 e5 23. Nb3 Rxd2 24. Bxd2 e4 25. fxe4 Bxe4 26. Kf2 f5 27. Bf4 Kf7 28. Ke3 Bxg2 29. h4 Ke6 30. Bb8 a6 31. Ba7 b5 32.
Nc5+ Kd5 33. Nxa6 Bh6+ 34. Kf2 Be4 35. Nb4+ Kc4 36. Bd4 Bf8 37. b3# 1-0

[Event "Rapid della Domenica"]
[Site "Chess.com"]
[Date "2020.06.14"]
[Round "3"]
[White "pedrak"]
[Black "mr6701"]
[Result "0-1"]
[WhiteElo "1709"]
[BlackElo "1874"]
[TimeControl "720+3"]
[EndTime "7:00:20 PDT"]
[Termination "mr6701 ha vinto per abbandono"]

1. d4 d5 2. Nf3 e6 3. e3 Nf6 4. Bd3 Be7 5. Nbd2 O-O 6. O-O c5 7. c3 Nc6 8. Qe2 a6 9. dxc5 Bxc5 10. e4 dxe4 11. Nxe4 Nxe4 12. Qxe4 g6 13. Bh6 Re8 14. Rad1 Qd5 15. Qe2 Qh5 16. Be3 Bf8 17. Nd4 Qxe2 18. Bxe2 Nxd4 19. Bxd4 Bg7 20. Bxg7 Kxg7 21. Bf3 e5 22.
Rfe1 f5 23. Bd5 Rb8 24. c4 Kf6 25. b4 Be6 26. Bxe6 Kxe6 27. c5 Red8 28. Kf1 Rd5 29.
Rxd5 Kxd5 30. Rd1+ Kc4 31. a3 Kb3 32. Rd3+ Kb2 33. f3 e4 34. fxe4 fxe4 35. Re3 Rd8 36. Rxe4 Kxa3 37. Ke2 Kb3 38. Rh4 h5 39. Re4 Kc3 40.
Re6 Kxb4 41. Rxg6 Kxc5 42. Rg5+ Rd5 43. Rg7 b5 44. g4 hxg4 45. Rxg4 b4 46. h4 a5 47. Rg5 Rxg5 48. hxg5 Kd5 49. Kf3 b3 50. g6 Ke6 51. Kg4 Kf6 52. Kh5 Kg7 0-1

[Event "Rapid della Domenica"]
[Site "Chess.com"]
[Date "2020.06.14"]
[Round "3"]
[White "fausto2p"]
[Black "riccardocanossa"]
[Result "1-0"]
[WhiteElo "1262"]
[BlackElo "1438"]
[TimeControl "720+3"]
[EndTime "7:00:29 PDT"]
[Termination "fausto2p ha vinto per abbandono"]

1. d4 Nf6 2. c4 g6 3. Nc3 Bg7 4. e4 d6 5. f3 O-O 6. Be3 e5 7. d5 Nbd7 8. g4 Nc5 9. b3 h5 10.
gxh5 gxh5 11. h4 Nh7 12. Bh3 f5 13. exf5 Bxf5 14. Bxf5 Rxf5 15. Qc2 Qf6 16. O-O-O Rf8 17. Nb5 Qf7 18. Nxa7 Ra8 19. Nb5 Na6 20. Bd2 Nf6 21. Qxf5 1-0

[Event "Rapid della Domenica"]
[Site "Chess.com"]
[Date "2020.06.14"]
[Round "3"]
[White "Mrtre7"]
[Black "ottovolante"]
[Result "1-0"]
[WhiteElo "1475"]
[BlackElo "998"]
[TimeControl "720+3"]
[EndTime "7:04:50 PDT"]
[Termination "Mrtre7 ha vinto per abbandono"]

1. d4 e6 2. c4 d5 3. Nc3 Bb4 4. Nf3 Bxc3+ 5. bxc3 Nf6 6. cxd5 Nxd5 7. Qc2 Nf6 8. e4 Nfd7 9. Bd3 a6 10. O-O h6 11.
Re1 c6 12. d5 Nc5 13. Bc4 b5 14. Bb3 Nxb3 15. axb3 O-O 16. Ba3 Re8 17. Rad1 exd5 18. exd5 Rxe1+ 19. Rxe1 g6 20. Be7 Qd7 21. d6 Qf5 22.
Qe2 Nd7 23. Nd4 Qd5 24. Qe3 Kg7 25. Nf3 Bb7 26. Ne5 Qxe5 27. Qxe5+ Nxe5 28. Rxe5 Bc8 29. Rc5 Bd7 30. f3 a5 31. Kf2 a4 32. bxa4 Rxa4 33.
Ke3 f5 34. h3 Kf7 35. g4 f4+ 36. Kd3 g5 37. Re5 Be6 38. Re4 Rxe4 39. Kxe4 Bd7 40. Kd4 Ke6 41. Ke4 Kf7 42. Kd4 Ke6 43. Kc5 Ke5 44.
c4 bxc4 45. Kxc4 Be6+ 46. Kc5 Bd7 47. Kb6 Kd4 48. Kc7 Be6 49. Kxc6 Ke3 50. d7 Bxd7+ 51.
Kxd7 Kxf3 52. Ke6 Ke3 53. Kf5 f3 54. Bc5+ Kd3 55. Kg6 Ke2 56. Kxh6 f2 57. Bxf2 Kxf2 58. Kxg5 Kf3 59. h4 1-0

[Event "Rapid della Domenica"]
[Site "Chess.com"]
[Date "2020.06.14"]
[Round "3"]
[White "sergiodone"]
[Black "sirmale49"]
[Result "1-0"]
[WhiteElo "1509"]
[BlackElo "1389"]
[TimeControl "720+3"]
[EndTime "7:10:42 PDT"]
[Termination "sergiodone ha vinto per abbandono"]

1. e4 d5 2. exd5 Qxd5 3. c4 Qd6 4. d4 Nc6 5. Ne2 e6 6. Nbc3 Nf6 7. g3 Be7 8. Bg2 O-O 9. O-O e5 10. Nb5 Qd7 11. d5 Nb8 12. Bg5 h6 13. Bxf6 Bxf6 14. Rb1 a6 15. Nbc3 Re8 16. Ne4 c6 17. Nxf6+ gxf6 18. Nc3 Rd8 19. Qh5 Kg7 20. Qh4 Qf5 21. f4 cxd5 22.
Nxd5 Rd7 23. fxe5 Qxe5 24. Nxf6 Qd4+ 25. Qxd4 Rxd4 26. b3 Be6 27. Nh5+ Kf8 28. Bxb7 Ra7 29. Bg2 Nd7 30. Nf4 Bf5 31. Rbd1 Rxd1 32. Rxd1 Bg4 33.
Rd6 h5 34. Nd5 Ne5 35. Nf6 Ke7 36. Rb6 Nd3 37. Nxg4 hxg4 38. Be4 Nc5 39. Bf5 Nd7 40. Bxd7 Kxd7 41. Kf2 Kc7 42. Rf6 Kd8 43. Rf4 Rd7 44. Ke2 Re7+ 45. Kd2 Rd7+ 46. Kc2 Re7 47. Rxg4 Re2+ 48.
Kc3 Rxa2 49. h4 Ra1 50. Kb2 Rh1 51. Ka3 Ke7 52. Rg5 Rg1 53. Kb4 Kf6 54. c5 Ke6 55. Ka5 Ra1+ 56. Kb6 f6 57. Rg8 Kf7 58. Rd8 Rg1 59.
Rd3 Ra1 60. b4 Rb1 61. Ka5 Ra1+ 62. Kb6 Rb1 63. Kxa6 Rxb4 64. Ka5 Rb1 65. c6 Rc1 66. Kb6 Rb1+ 67. Kc7 Ke7 68. h5 Rh1 69. g4 Rg1 70.
Rd4 Ra1 71. h6 Rh1 72. h7 Rh6 73. Rd7+ Ke6 74. Kb7 f5 75. gxf5+ Kxf5 76. Rg7 Rh1 77. c7 Rb1+ 78. Ka6 Ra1+ 79. Kb5 Rb1+ 80. Kc5 Rc1+ 81. Kd4 Rd1+ 82. Ke3 1-0

[Event "Rapid della Domenica"]
[Site "Chess.com"]
[Date "2020.06.14"]
[Round "4"]
[White "SanSecondoPR"]
[Black "riccardocanossa"]
[Result "1-0"]
[WhiteElo "1343"]
[BlackElo "1401"]
[TimeControl "720+3"]
[EndTime "7:14:34 PDT"]
[Termination "SanSecondoPR ha vinto per abbandono"]

1. e4 e5 2. d4 exd4 3. c3 dxc3 4. Bc4 cxb2 5. Bxb2 Nc6 6. Nf3 d6 7. O-O Nf6 8. Ng5 Qd7 9. Bxf7+ Kd8 10. Bb3 h6 11.
Nf7+ Ke8 12. Nxh8 1-0

[Event "Rapid della Domenica"]
[Site "Chess.com"]
[Date "2020.06.14"]
[Round "4"]
[White "ottovolante"]
[Black "sergiodone"]
[Result "0-1"]
[WhiteElo "997"]
[BlackElo "1510"]
[TimeControl "720+3"]
[EndTime "7:21:44 PDT"]
[Termination "sergiodone ha vinto per scaccomatto"]

1. e4 c5 2. e5 d5 3. Bb5+ Bd7 4. Bxd7+ Nxd7 5. Qf3 e6 6. Qe2 a6 7. Nf3 Be7 8. O-O Qc7 9. Re1 h5 10. d3 Nh6 11. Bxh6 Rxh6 12. Nbd2 h4 13. h3 g5 14. Nh2 Rh8 15. Ng4 b5 16. c3 Qc6 17. Qf3 Nf8 18.
b3 Ng6 19. c4 Qd7 20. cxd5 Qxd5 21. Qxd5 exd5 22. Nf3 Nf4 23. d4 c4 24. bxc4 bxc4 25. Nd2 Kd7 26. a3 Rab8 27. Rab1 a5 28. a4 Rb4 29.
Nf6+ Ke6 30. Nf3 Bxf6 31. exf6+ Kxf6 32. Rxb4 axb4 33. Rb1 b3 34. Nd2 Ra8 35. Kh2 Rxa4 36. g3 Nd3 37. gxh4 gxh4 38. f3 Ra2 39. Kg1 Rxd2 40.
Rxb3 cxb3 41. f4 b2 42. f5 b1=Q# 0-1

[Event "Rapid della Domenica"]
[Site "Chess.com"]
[Date "2020.06.14"]
[Round "4"]
[White "fausto2p"]
[Black "pedrak"]
[Result "0-1"]
[WhiteElo "1261"]
[BlackElo "1710"]
[TimeControl "720+3"]
[EndTime "7:25:39 PDT"]
[Termination "pedrak ha vinto per abbandono"]

1. d4 Nf6 2. c4 e6 3. Nc3 Bb4 4. e3 O-O 5. Nf3 b6 6. Qc2 Bb7 7. Be2 d6 8. O-O Nbd7 9. a3 Bxc3 10. Qxc3 Re8 11. b4 Ne4 12. Qc2 f5 13. Bb2 g5 14.
Bd3 Qf6 15. Bxe4 Bxe4 16. Qe2 Qg6 17. h3 g4 18. hxg4 Qxg4 19. Rad1 Kf7 20. c5 Rg8 21. Ne5+ Nxe5 22. Qxg4 Nxg4 23. f3 Nxe3 24. fxe4 Nxd1 25. Rxd1 fxe4 26. cxd6 cxd6 27. Rf1+ Ke7 28. d5 exd5 29. Bf6+ Ke6 30. Bd4 Raf8 31. Rc1 Kd7 32. a4 Rf3 33. a5 Rd3 34. Bf2 e3 35. Bh4 Rd2 36. g3 e2 37.
Kf2 Rd1 0-1

[Event "Rapid della Domenica"]
[Site "Chess.com"]
[Date "2020.06.14"]
[Round "4"]
[White "mr6701"]
[Black "Mrtre7"]
[Result "1-0"]
[WhiteElo "1877"]
[BlackElo "1473"]
[TimeControl "720+3"]
[EndTime "7:38:22 PDT"]
[Termination "mr6701 ha vinto per tempo"]

1. e4 c5 2. d4 cxd4 3. c3 dxc3 4.
Nxc3 Nc6 5. Nf3 d6 6. Bc4 e6 7. O-O Nf6 8. Bg5 Be7 9. Qe2 O-O 10. Rfd1 e5 11. Nb5 Bg4 12. Bxf6 gxf6 13. h3 Bxf3 14. Qxf3 a6 15. Nc3 Nd4 16. Qh5 b5 17. Bd5 Rc8 18. Rd3 Ne6 19. Bb7 Rc4 20. Bxa6 Qb6 21. Nd5 Qa7 22.
Rg3+ Kh8 23. Qh6 Rg8 24. Nxf6 Bxf6 25. Qxf6+ Ng7 26. Bxb5 Rxe4 27. Rf3 Rb4 28. a4 Rxb2 29. Rc1 Qb8 30. Rc6 Qd8 31. Rxd6 Qxf6 32. Rdxf6 Ne6 33.
Rg3 Rxg3 34. fxg3 Kg7 35. Rf3 e4 36. Re3 f5 37. Ra3 Kf6 38. Bd7 Nd4 39. a5 e3 40.
Rxe3 Ra2 41. Rd3 Ne2+ 42. Kf1 Nc1 43. Rd5 Ra3 44. Bxf5 Nb3 45. Bxh7 Nxa5 46. g4 Nc4 47. Rc5 Nd2+ 48. Kg1 Ra1+ 49. Kh2 Nf1+ 50. Kg1 Ne3+ 51. Kf2 Nd1+ 52. Kg3 Ra3+ 53. Kh4 Nf2 54. g3 Nh1 55. g5+ Kg7 56. Bf5 Nxg3 57. Rc7+ Kf8 58. Bg4 Ne4 59.
Kh5 Ra5 60. h4 Ng3+ 61. Kh6 Ra6+ 62. g6 Rf6 63. h5 Ne4 64. Rc4 Nd6 65. Rc7 Ke8 66. Kh7 Rf8 67. g7 1-0